 Dungeon Crawl Stone Soup version 0.29.1-4-g47bece8355 (webtiles) character file.

Game seed: 17726913374271477913

151 safid the Shooter (level 5, -1/47 HPs)
             Began as a Minotaur Hunter on Dec 1, 2022.
             Slain by Robin
             ... wielding a +0 trident
              (8 damage)
             ... on level 3 of the Dungeon.
             The game lasted 00:04:09 (2069 turns).

safid the Shooter (Minotaur Hunter)                 Turns: 2069, Time: 00:04:09

Health: -1/47      AC:  5    Str: 19    XL:     5   Next: 11%
Magic:  4/4        EV: 12    Int:  5    God:
Gold:   84         SH:  0    Dex: 13    Spells: 4/4 levels left

rFire   . . .      SeeInvis .   a - +0 shortbow
rCold   . . .      Faith    .   (shield currently unavailable)
rNeg    . . .      Spirit   .   c - +0 leather armour
rPois   .          Reflect  .   (helmet restricted)
rElec   .          Harm     .   (no cloak)
rCorr   .          Rampage  .   d - +0 pair of gloves
Will    .....                   j - +0 pair of boots
Stlth   +.........              (no amulet)
HPRegen 0.15/turn               (no ring)
MPRegen 0.09/turn               (no ring)

@: no status effects
A: horns 2, retaliatory headbutt, clumsy 1, high MP 1, strong 1
a: no special abilities


You were on level 3 of the Dungeon.
You visited 1 branch of the dungeon, and saw 3 of its levels.

You collected 84 gold pieces.

Inventory:

Hand Weapons
 a - a +0 shortbow (weapon)
Armour
 c - a +0 leather armour (worn)
 d - a +0 pair of gloves (worn)
 j - a +0 pair of boots (worn)
Jewellery
 l - a ring of poison resistance
Scrolls
 b - a scroll of immolation
 e - a scroll of enchant weapon {unknown}
 f - 2 scrolls of fear {unknown}
 i - 3 scrolls of vulnerability {unknown}
 k - a scroll of silence {unknown}
 q - a scroll of blinking {unknown}
Potions
 g - a potion of ambrosia {unknown}
 h - a potion of magic {unknown}
 m - a potion of brilliance {unknown}
 o - a potion of curing
 p - a potion of invisibility {unknown}


   Skills:
 + Level 4.8 Fighting
 + Level 5.9 Ranged Weapons
 - Level 2.1 Dodging
 - Level 0.7 Stealth


You had 4 spell levels left.
You didn't know any spells.
Your spell library contained the following spells:

 Spells                   Type           Power      Damage    Failure   Level
 Ensorcelled Hibernation  Hex/Ice        0%         N/A       67%         2
 Spider Form              Tmut/Pois      0%         N/A       88%         3
 Anguish                  Hex/Necr       0%         N/A       99%         4


Dungeon Overview and Level Annotations

Branches:
Dungeon (3/15)

Altars:
Fedhas

Annotations:
D:3 Robin, Terence


Innate Abilities, Weirdness & Mutations

You have a pair of horns on your head.
You reflexively headbutt those who attack you in melee.
You are clumsy. (Dex -2)
You have an increased reservoir of magic. (+10% MP)
Your muscles are strong. (Str +4, Int/Dex -1)


Message History

You shoot an arrow. The goblin shouts!
The arrow hits Terence but does no damage.
Terence hits you but does no damage. Terence shouts, "Now you die!"
Terence closely misses you.
Robin hits you from afar with a +0 trident.
It was a potion of curing.
You feel better. Terence misses you.
Robin roars a battlecry!
The goblin goes into a battle-frenzy!
Terence barely misses you. You furiously retaliate!
You headbutt Terence.
Unknown command.
Fire: a) +0 shortbow
Press: ? - help, Q - select action Shift-Dir - straight line, f/p - Terence
Aim: Terence, wielding a +0 flail and wearing a +0 scale mail (moderately wounded, fast, 68% to hit)
You shoot an arrow.
The arrow hits Terence but does no damage.
Terence is moderately wounded.
The hobgoblin no longer looks unusually strong.
Terence closely misses you.
Robin hits you from afar with a +0 trident!
Terence hits you with a +0 flail.
* * * LOW HITPOINT WARNING * * *
Unknown command.
It was a potion of mutation.
You feel extremely strange.
You feel more energetic.
You feel stronger.
You feel clumsy.
A hobgoblin comes into view. It is wielding a +0 club.
Robin throws the goblin at you! Terence closely misses you.
Unknown command.
Fire: a) +0 shortbow
Press: ? - help, Q - select action Shift-Dir - straight line, f/p - Terence
Aim: Terence, wielding a +0 flail and wearing a +0 scale mail (moderately wounded, fast, 65% to hit)
You shoot an arrow. The arrow hits Terence.
Terence is heavily wounded.
Terence hits you with a +0 flail.
* * * LOW HITPOINT WARNING * * *
The goblin hits you with a +0 club.
* * * LOW HITPOINT WARNING * * *
Robin hits you from afar with a +0 trident!
You die...

#g......##.
....
#.......#..
...
##.##....._
..
#.g##.#..#
#
#..#..#..#
.###
#.g......#
....
#..go...##
###
####@#### #
#@# # ##g##
# ##...## #
#.....# #
##...## #
##..# #
##.######
######
#.)))...#
#.....
#..####.#
#.####


You could see Terence (fast), Robin, an orc (resistant), 2 hobgoblins and a
goblin (strong).

Vanquished Creatures
  An iguana (D:2)
  4 gnolls (D:3)
  An adder (D:2)
  A worm (D:3)
  3 dart slugs
  3 endoplasms
  4 giant cockroaches
  12 goblins
  7 hobgoblins
  6 kobolds
  4 quokkas
  A ball python (D:1)
  4 bats
  8 frilled lizards
  10 rats
69 creatures vanquished.

Notes
Turn   | Place    | Note
-------+----------+-------------------------------------------
     0 | D:1      | safid the Minotaur Hunter began the quest for the Orb.
     0 | D:1      | Reached XP level 1. HP: 18/18 MP: 0/0
   122 | D:1      | Reached XP level 2. HP: 26/26 MP: 1/1
   129 | D:1      | Found a faded altar of an unknown god.
   329 | D:1      | Reached skill level 5 in Ranged Weapons
   329 | D:1      | Reached XP level 3. HP: 30/31 MP: 2/2
  1188 | D:2      | Reached XP level 4. HP: 25/40 MP: 3/3
  2027 | D:3      | Reached XP level 5. HP: 30/47 MP: 4/4
  2037 | D:3      | Found a blossoming altar of Fedhas.
  2046 | D:3      | Noticed Robin
  2050 | D:3      | Noticed Terence
  2068 | D:3      | Gained mutation: You have an increased reservoir of magic.
                  | (+10% MP) [potion of mutation]
  2068 | D:3      | Gained mutation: Your muscles are strong. (Str +4, Int/Dex
                  | -1) [potion of mutation]
  2068 | D:3      | Gained mutation: You are clumsy. (Dex -2) [potion of
                  | mutation]
  2069 | D:3      | Slain by Robin

Illustrated notes

Levels and vault maps discovered:
D:1:      minmay_arrival_four_houses, layout_loops_ring,
          hellmonk_ecumenical_altar_lost_god, chequers_mini_garden,
          minmay_split_cup_large
D:2:      layout_basic
D:3:      layout_loops_cross, overflow_temple_1_default,
          gup_sewer_entry_bubbles, kennysheep_potato, uniq_robin, uniq_jessica,
          uniq_ijyb, uniq_terence

Skill      XL: |  1  2  3 |
---------------+----------+-----
Fighting       | 3 4 |  4.8
Ranged Weapons | 5 |  5.9
Dodging        | |  2.1
Stealth        | |  0.7

Action                   |  1- 3 |  4- 6 || total
-------------------------+-------+-------++-------
 Fire: Shortbow          |   131 |    62 ||   193
  Use: Potion            |       |     2 ||     2
Armor: Leather armour    |    16 |    13 ||    29
Dodge: Dodged            |    33 |    20 ||    53
